 Dungeon Crawl Stone Soup version 0.30.1-4-g462c640d31 (webtiles) character file.

Game seed: 17946141494403477280

105 Babbit the Conjurer (level 4, -25/33 HPs)
             Began as a Draconian Conjurer on Aug 29, 2023.
             Killed by an exploding river rat (29 damage)
             ... ignited by their inner flame
             ... on level 3 of the Dungeon.
             The game lasted 00:12:04 (2640 turns).

Babbit the Conjurer (Draconian Conjurer)            Turns: 2640, Time: 00:12:04

Health: -25/33     AC:  5    Str: 10    XL:     4   Next: 53%
Magic:  1/8        EV: 12    Int: 20    God:
Gold:   145        SH:  0    Dex:  9    Spells: 6/9 levels left

rFire   . . .        a - staff of cold
rCold   + . .        (no shield)
rNeg    . . .        (body armour unavailable)
rPois   .            (helmet restricted)
rElec   .            (no cloak)
rCorr   .            (no gloves)
SInv    .            (no boots)
Will    .....        (no amulet)
Stlth   ++           (no ring)
HPRegen 0.25/turn    (no ring)
MPRegen 0.11/turn

%: no passive effects
@: brilliant, flying, hasted, very quick
A: AC +5, unfitting armour, cold-blooded
a: no special abilities


You were on level 3 of the Dungeon.
You visited 1 branch of the dungeon, and saw 3 of its levels.

You collected 145 gold pieces.

Inventory:

Magical Staves
 a - a staff of cold (weapon)
Scrolls
 e - a scroll of amnesia {unknown}
 h - a scroll of teleportation {unknown}
 j - a scroll of vulnerability {unknown}
Potions
 d - a potion of heal wounds
 g - a potion of brilliance
 k - a potion of curing {unknown}
 m - a potion of invisibility {unknown}
 n - a potion of ambrosia {unknown}


   Skills:
 + Level 1.9 Dodging
 + Level 2.1 Stealth
 + Level 3.0 Spellcasting
 + Level 5.2 Conjurations


You had 6 spell levels left.
You knew the following spells:

 Your Spells              Type           Power      Damage    Failure   Level
a - Magic Dart            Conj           100%       1d8       1%          1
b - Searing Ray           Conj           70%        2d7       2%          2

Your spell library contained the following spells:

 Spells                   Type           Power      Damage    Failure   Level
 Dazzling Flash           Conj/Hex       40%        N/A       14%         3
 Fulminant Prism          Conj/Hex       10%        3d8       43%         4
 Iskenderun's Mystic Bla  Conj/Tloc      20%        2d6       43%         4


Dungeon Overview and Level Annotations

Branches:
Dungeon (3/15)

Altars:
Gozag

Portals:
Sewer: D:3


Innate Abilities, Weirdness & Mutations

Your plain brown scales are hard. (AC +5)
You cannot fit into any form of body armour.
You are cold-blooded and may be slowed by cold attacks.


Message History

You feel yourself speed up. The river rat bites you.
Your unstable footing causes you to fumble your attack.
The river rat closely misses you.
It was a potion of brilliance.
You feel clever all of a sudden. The river rat bites you.
It was a potion of flight.
You feel very buoyant.
You fly up into the air.
Okay, then.
As you read the scroll labelled HAUMINIURI, it crumbles to dust.
You hear a loud clanging noise!
It was a scroll of noise.
As you read the scroll labelled YKEKIU YNIHI, it crumbles to dust.
The creatures around you are filled with an inner flame!
It was a scroll of immolation.
The giant cockroach barely misses you.
The river rat bites you but does no damage.
As you read the scroll labelled AJIONU POIRESK, it crumbles to dust.
It is a scroll of identify.
d - a potion of heal wounds The giant cockroach misses you.
Okay, then.
You hit the giant cockroach.
Flame seeps out of the giant cockroach.
Your tail-slap misses the giant cockroach.
The giant cockroach is moderately wounded.
The river rat bites you.
* * * LOW HITPOINT WARNING * * *
The giant cockroach is engulfed in blazing flames.
The giant cockroach explodes!
The fiery explosion engulfs the river rat!!
The fiery explosion engulfs you.
* * * LOW HITPOINT WARNING * * *
The fiery explosion engulfs the rat!!
The fiery explosion engulfs the rat!!!
The fiery explosion engulfs the worm!!
The worm explodes!
The fiery explosion engulfs the giant cockroach!!
The giant cockroach explodes!
The rat explodes! x2; The river rat explodes!
The fiery explosion engulfs you!!
Ouch! That really hurt!
You die...

######.####.#
##.....<.##.##########
.#.#####.##.#........#
...#####†##.#......~.#
.#.#........#...~~~~.#
##.#.###.##....~~~~~~#
##.# #.###...~~+####
... ..# #..~~§#§§§#
### #### #...§@○§§§#
##.~§§#§§§# ###### ###


There were no monsters in sight!

Vanquished Creatures
  Jessica (D:3)
  2 river rats (D:3)
  A worm (D:3)
  2 dart slugs (D:2)
  9 ball pythons
  9 bats
  4 endoplasms
  4 giant cockroaches
  7 hobgoblins
  2 jackals (D:1)
  A quokka (D:1)
  3 frilled lizards
  10 goblins
  6 kobolds
  7 rats
68 creatures vanquished.

Notes
Turn   | Place    | Note
-------+----------+-------------------------------------------
     0 | D:1      | Babbit the Draconian Conjurer began the quest for the Orb.
     0 | D:1      | Reached XP level 1. HP: 14/14 MP: 3/3
   193 | D:1      | Reached XP level 2. HP: 20/20 MP: 1/5
   247 | D:1      | Found a faded altar of an unknown god.
  1091 | D:1      | Reached XP level 3. HP: 26/26 MP: 4/6
  1368 | D:2      | Found an opulent altar of Gozag.
  1668 | D:2      | Reached skill level 5 in Conjurations
  1882 | D:2      | Learned a level 2 spell: Searing Ray
  2324 | D:3      | Noticed Jessica
  2333 | D:3      | Killed Jessica
  2334 | D:3      | Reached XP level 4. HP: 33/33 MP: 0/8
  2628 | D:3      | Found a glowing drain.
  2640 | D:3      | Killed by an exploding river rat... ignited by their inner
                  | flame

Illustrated notes

Levels and vault maps discovered:
D:1:      dpeg_arrival_pond, layout_basic, hellmonk_ecumenical_altar_zigzags
D:2:      layout_basic, basic_altar
D:3:      layout_loops_corners, portal_sewer_entry_e, minmay_curled_crystal,
          kennysheep_generic_room_8, uniq_jessica

Skill      XL: |  1  2  3 |
---------------+----------+-----
Stealth        | 2 |  2.1
Conjurations   | 5 |  5.2
Spellcasting   | 3 |  3.0
Dodging        | |  1.9

Action                     |  1- 3 |  4- 6 || total
---------------------------+-------+-------++-------
  Melee: Unarmed           |     9 |       ||     9
         Tailslap          |     4 |       ||     4
         Staff             |    10 |     3 ||    13
   Cast: Magic Dart        |    93 |    23 ||   116
    Use: Potion            |     1 |     3 ||     4
         Scroll            |       |     3 ||     3
 Armour: Skin              |    10 |     4 ||    14
  Dodge: Dodged            |    34 |     7 ||    41
